 Dungeon Crawl Stone Soup version 0.21-a0-634-gaf8bc5d (webtiles) character file.

487 sithsevirus the Agent of Entropy (level 6, -1/48 HPs)
             Began as a Demonspawn Abyssal Knight on Dec 21, 2017.
             Was a Priest of Lugonu.
             Killed from afar by an orc wizard (4 damage)
             ... with a puff of frost
             ... on level 5 of the Dungeon on Dec 29, 2017.
             The game lasted 00:20:25 (4521 turns).

sithsevirus the Agent of Entropy (DsAK)             Turns: 4521, Time: 00:20:26

Health: -1/48      AC:  8    Str: 14    XL:     6   Next: 89%
Magic:  9/9        EV: 12    Int: 14    God:    Lugonu [***...]
Gold:   269        SH:  0    Dex: 12    Spells: 5/5 levels left

rFire    . . .     SeeInvis .   a - +2 spear
rCold    . . .     Gourm    .   (no shield)
rNeg     + . .     Faith    .   q - +1 leather armour {rN+}
rPois    .         Spirit   .   o - +1 helmet
rElec    .         Reflect  .   (no cloak)
rCorr    .         Harm     .   (no gloves)
MR       .....                  (no boots)
Stlth    +.........             (no amulet)
HPRegen  0.16/turn              (no ring)
MPRegen  0.11/turn              (no ring)

@: no status effects
A: claws 2, slimy green scales 1, demonic guardian 1, spiny 1
a: Depart the Abyss, Bend Space, Banish, Renounce Religion


You were on level 5 of the Dungeon.
You worshipped Lugonu.
Lugonu was most pleased with you.
You were very hungry.

You visited 1 branch of the dungeon, and saw 5 of its levels.
You visited the Abyss 1 time.

You collected 269 gold pieces.

Inventory:

Hand Weapons
 a - a +2 spear (weapon)
 i - a +0 hunting sling
 n - a +1 short sword of draining
Missiles
 b - 7 needles of frenzy
 d - 14 poisoned needles
 j - 198 stones
 v - 13 tomahawks (quivered)
 A - 23 sling bullets
Armour
 l - a +0 ring mail
 o - a +1 helmet (worn)
 q - a +1 leather armour of positive energy (worn)
 y - a +0 ring mail of fire resistance
Wands
 x - a wand of iceblast (5)
Scrolls
 e - 3 scrolls of identify
 f - a scroll of fog
 s - a scroll of remove curse
 u - a scroll of enchant weapon
 w - a scroll of immolation {unknown}
Potions
 g - a potion of resistance {unknown}
 h - 2 potions of flight
 k - a potion of degeneration {unknown}
 m - a potion of heal wounds {unknown}
 p - a potion of ambrosia {unknown}
 r - a potion of mutation {unknown}
 t - a potion of might {unknown}
Comestibles
 c - 8 rations


   Skills:
 + Level 4.2 Fighting
 + Level 3.4 Polearms
 + Level 3.3 Armour
 + Level 3.0 Dodging
 + Level 4.9 Invocations


You had 5 spell levels left.
You didn't know any spells.

Dungeon Overview and Level Annotations

Branches:
Dungeon (5/15)             Temple (0/1) D:4

Altars:
Dithmenos

Annotations:
D:4 Edmund


Innate Abilities, Weirdness & Mutations

You have very sharp fingernails.
You are partially covered in slimy green scales. (AC +2)
A weak demonic guardian rushes to your aid.
You are partially covered in sharp spines.


Message History

You closely miss the orc wizard.
The orc wizard is moderately wounded.
The orc wizard misses you. The crimson imp closely misses you.
Your ufetubus misses the orc wizard. x2
The orc wizard casts a spell at you. The puff of flame hits you!
* * * LOW HITPOINT WARNING * * *
The crimson imp hits your ufetubus. The centaur hits your ufetubus.
Your ufetubus dies!
The orc wizard casts a spell at you. The magic dart hits you!
* * * LOW HITPOINT WARNING * * *
Found a shadowy altar of Dithmenos.
The centaur wields a shortbow.
The centaur shoots an arrow.
The arrow completely misses you.
Found a scroll of identify.
The orc wizard barely misses you.
The orc wizard points at you and mumbles some strange words.
The puff of frost hits you!
You die...

#.. ...§§§ #.#
§..§§§ #c# §§..§§
##.## §....# #...#
#§.(# # #...#
###c..##.#
#.##...###.5.o....#
#....<..w..###.####
#......)...# #@#
#.........## #.#
####...#### #.#
#.... ..# #...##
### #####


You could see a centaur and an orc wizard.

Vanquished Creatures
  Eustachio (D:4)
  A phantom (D:4)
  2 iguanas (D:4)
  Ijyb (D:4)
  3 worker ants
  A hound skeleton (D:4)
  6 adders
  An ooze (D:4)
  An adder skeleton (D:4)
  3 worms
  6 dart slugs
  10 leopard geckos
  11 orcs
  12 bats
  5 giant cockroaches
  8 goblins
  4 hobgoblins
  6 jackals
  5 kobolds
  A quokka (D:3)
  6 frilled lizards
  A quokka skeleton (D:4)
  10 rats
105 creatures vanquished.

Vanquished Creatures (collateral kills)
  An orc wizard (D:4)
  A giant cockroach (D:4)
2 creatures vanquished.

Grand Total: 107 creatures vanquished

Notes
Turn   | Place    | Note
-------+----------+-------------------------------------------
     0 | Abyss:1  | sithsevirus the Demonspawn Abyssal Knight began the quest for the Orb.
     0 | Abyss:1  | Reached XP level 1. HP: 18/18 MP: 2/2
     0 | D:1      | Escaped the Abyss
     4 | D:1      | Reached skill level 1 in Dodging
    91 | D:1      | Reached * piety under Lugonu
   109 | D:1      | Gained mutation: You have sharp fingernails. [demonic ancestry]
   109 | D:1      | Reached XP level 2. HP: 24/24 MP: 3/3
   266 | D:1      | Upgraded the game from 0.21-a0-584-g185da8e to 0.21-a0-634-gaf8bc5d
   817 | D:1      | Gained mutation: You are partially covered in slimy green scales. (AC +2) [demonic ancestry]
   817 | D:1      | Reached XP level 3. HP: 29/29 MP: 5/5
  1386 | D:2      | Gained mutation: A weak demonic guardian rushes to your aid. [demonic ancestry]
  1386 | D:2      | Reached XP level 4. HP: 30/35 MP: 6/6
  1396 | D:2      | Reached ** piety under Lugonu
  2581 | D:3      | Gained mutation: You have very sharp fingernails. [demonic ancestry]
  2581 | D:3      | Reached XP level 5. HP: 32/41 MP: 7/7
  3125 | D:4      | Noticed Eustachio
  3153 | D:4      | Killed Eustachio
  3192 | D:4      | Noticed a phantom
  3221 | D:4      | Reached *** piety under Lugonu
  3251 | D:4      | Killed a phantom
  3251 | D:4      | Gained mutation: You are partially covered in sharp spines. [demonic ancestry]
  3251 | D:4      | Reached XP level 6. HP: 45/48 MP: 9/9
  3301 | D:4      | Noticed Edmund
  3606 | D:4      | Noticed Ijyb
  3619 | D:4      | Killed Ijyb
  3722 | D:4      | Found a staircase to the Ecumenical Temple.
  4146 | D:5      | Entered Level 5 of the Dungeon
  4146 | D:5      | Noticed an orc warrior
  4517 | D:5      | Found a shadowy altar of Dithmenos.
  4517 | D:5      | HP: 2/48 [orc wizard/magic dart (8)]
  4521 | D:5      | Killed from afar by an orc wizard

Vault maps used:
D:1:      erik_arrival_cave_to_civilisation, serial_park_tiny_1
D:3:      minmay_door_path
D:4:      minmay_temple_entry_statues_pillars, gup_sewer_entry_bubbles,
          grunt_ministairs_1, kennysheep_decorative_pillar,
          minmay_misc_feat_hallway, uniq_ijyb, uniq_eustachio, uniq_edmund
D:5:      nicolae_overflow_hidden_temple, first_ration, basic_altar,
          nicolae_dithmenos_the_darkroom, uniq_blork_the_orc, uniq_menkaure,
          uniq_sigmund

Skill      XL: |  1  2  3  4  5  6 |
---------------+-------------------+-----
Dodging        | 1 2 3 |  3.0
Polearms       | 2 3 |  3.4
Armour         | 2 3 |  3.3
Invocations    | 3 4 |  4.9
Fighting       | 4 |  4.2

Action                   |  1- 3 |  4- 6 || total
-------------------------+-------+-------++-------
Melee: Spear             |   112 |   321 ||   433
Invok: Depart the Abyss  |     1 |       ||     1
Evoke: Wand              |       |     1 ||     1
  Use: Scroll            |       |     7 ||     7
  Eat: Chunk             |     1 |    10 ||    11
Armor: Leather armour    |    13 |    35 ||    48
       Ring mail         |    15 |    63 ||    78
Dodge: Dodged            |    38 |   145 ||   183

Table legend:
 A = Spawn XP
 B = Non-spawn XP
 C = Spawn XP percentage of total XP
 D = Spawn monster count
 E = Non-spawn monster count
 F = Spawn count percentage of total count
 G = Total turns spent on level
                    A         B        C        D         E        F      G
               +---------+---------+-------+---------+---------+-------+---------
         Total |       0 |     696 |   0.0 |       0 |     107 |   0.0 |  4521
               +---------+---------+-------+---------+---------+-------+---------
           D:1 |       0 |      48 |   0.0 |       0 |      26 |   0.0 |  1054
           D:2 |       0 |      89 |   0.0 |       0 |      24 |   0.0 |   777
           D:3 |       0 |      81 |   0.0 |       0 |      23 |   0.0 |  1702
           D:4 |       0 |     475 |   0.0 |       0 |      33 |   0.0 |   971
           D:5 |       0 |       3 |   0.0 |       0 |       1 |   0.0 |    17
               +---------+---------+-------+---------+---------+-------+---------
